 Dungeon Crawl Stone Soup version 0.30-a0-778-g2ef04afb54 (webtiles) character file.

Game seed: 12555277310357500287

183 Zeeb the Magician (level 5, -1/28 HPs)
             Began as a Deep Elf Fire Elementalist on Feb 16, 2023.
             Slain by a gnoll bouda
             ... wielding a +0 club
              (5 damage)
             ... on level 4 of the Dungeon.
             The game lasted 00:19:03 (2284 turns).

Zeeb the Magician (Deep Elf Fire Elementalist)      Turns: 2284, Time: 00:19:03

Health: -1/28      AC:  5    Str:  5    XL:     5   Next: 35%
Magic:  7/14       EV: 12    Int: 22    God:
Gold:   136        SH:  0    Dex: 15    Spells: 10/13 levels left

rFire   + . .      SeeInvis .    f - +0 dagger (venom)
rCold   x . .      Faith    .    (no shield)
rNeg    . . .      Spirit   .    s - +1 robe {Will+}
rPois   .          Reflect  .    (no helmet)
rElec   .          Harm     .    l - +0 cloak
rCorr   .          Rampage  .    e - +0 pair of gloves
Will    +....                    (no boots)
Stlth   ++                       (no amulet)
HPRegen 0.24/turn                r - ring of fire
MPRegen 0.14/turn                (no ring)

@: weakened
A: no striking features
a: no special abilities


You were on level 4 of the Dungeon.
You visited 1 branch of the dungeon, and saw 5 of its levels.

You collected 136 gold pieces.

Inventory:

Hand Weapons
 f - a +0 dagger of venom (weapon)
Missiles
 g - 11 poisoned darts
Armour
 e - a +0 pair of gloves (worn)
 l - a +0 cloak (worn)
 s - a +1 robe of willpower (worn)
Jewellery
 r - a ring of fire (left hand)
Scrolls
 d - a scroll of magic mapping
 i - a scroll of brand weapon
 m - 7 scrolls of teleportation
 o - a scroll of poison {unknown}
 p - 2 scrolls of enchant armour {unknown}
 q - a scroll of identify {unknown}
 t - a scroll of blinking {unknown}
Potions
 a - a potion of haste {unknown}
 b - 2 potions of magic
 c - 3 potions of mutation {unknown}
 h - a potion of attraction {unknown}
 j - a potion of brilliance {unknown}
 k - 2 potions of lignification {unknown}
 n - a potion of ambrosia {unknown}


   Skills:
 + Level 2.6 Dodging
 - Level 2.4 Stealth
 + Level 4.7 Spellcasting
 * Level 3.4 Conjurations
 + Level 4.7 Fire Magic


You had 10 spell levels left.
You knew the following spells:

 Your Spells              Type           Power      Damage    Failure   Level
a - Foxfire               Conj/Fire      100%       2x1d9     1%          1
b - Scorch                Fire           76%        2d8       2%          2

Your spell library contained the following spells:

 Spells                   Type           Power      Damage    Failure   Level
 Inner Flame              Hex/Fire       23%        N/A       12%         3
 Dazzling Flash           Conj/Hex       24%        N/A       16%         3
 Kindle Blastsparks       Fire/Tloc/Air  36%        2d13      16%         3
 Flame Wave               Conj/Fire      34%        2d10      19%         4
 Iskenderun's Mystic Bla  Conj/Tloc      12%        2d5       45%         4
 Starburst                Conj/Fire      17%        6d6       96%         6


Dungeon Overview and Level Annotations

Branches:
Dungeon (5/15)
 Temple: D:4-7

Altars:

Shops:
D:3 (


Message History

The foxfire hits the gnoll.
The gnoll is almost dead.
The gnoll bouda gazes fiercely through you!
You feel your attacks grow feeble.
Casting: Foxfire (safe; 1% risk of failure)
Confirm with . or Enter, or press ? or * to list all spells.
You feel a surge of power!
You conjure some foxfire!
The gnoll hits you from afar with a +0 spear.
The foxfire hits the gnoll but does no damage.
The gnoll is almost dead.
The foxfire hits the gnoll.
You kill the gnoll!
A gnoll comes into view. It is wielding a +0 club.
Your attacks no longer feel as feeble.
Casting: Foxfire (safe; 1% risk of failure)
Confirm with . or Enter, or press ? or * to list all spells.
You feel a surge of power!
You conjure some foxfire!
The gnoll shouts!
Your foxfire dissipates!
The foxfire hits the gnoll bouda.
The gnoll bouda is moderately wounded.
The gnoll hits you from afar with a +0 halberd!
* * * LOW HITPOINT WARNING * * *
Casting: Foxfire (safe; 1% risk of failure)
Confirm with . or Enter, or press ? or * to list all spells.
You feel a surge of power!
You conjure some foxfire!
The gnoll hits you from afar with a +0 halberd.
* * * LOW HITPOINT WARNING * * *
The gnoll bouda hits you with a +0 club.
* * * LOW HITPOINT WARNING * * *
The foxfire hits the gnoll bouda but does no damage.
The gnoll bouda is moderately wounded.
The foxfire hits the gnoll bouda but does no damage.
The gnoll bouda is moderately wounded.
The gnoll hits you from afar with a +0 halberd.
* * * LOW HITPOINT WARNING * * *
The gnoll bouda gazes fiercely through you!
You feel your attacks grow feeble.
The gnoll bouda hits you with a +0 club.
You die...

..... ... ##...#
.... #..#.# ......
$.#..
#.####........
#...
..#.........####..
#....#.......###..
##...#............
#@g....)...###....
#.g........##.....
#§.........##..)..
##.g.)............
##.........).....
#....##.........
######....>#....
#....†#....
##....#....


You could see a gnoll bouda and 2 gnolls.

Vanquished Creatures
  A gnoll bouda (D:4)
  Jessica (D:3)
  6 gnolls (D:4)
  3 adders
  A dart slug (D:3)
  9 endoplasms
  A giant cockroach (D:2)
  A goblin (D:2)
  2 hobgoblins (D:1)
  5 kobolds
  A quokka (D:4)
  9 ball pythons
  2 bats
  2 frilled lizards (D:1)
  5 rats
49 creatures vanquished.

Vanquished Creatures (others)
  101 foxfires
101 creatures vanquished.

Grand Total: 150 creatures vanquished

Notes
Turn   | Place    | Note
-------+----------+-------------------------------------------
     0 | D:1      | Zeeb the Deep Elf Fire Elementalist began the quest for the
                  | Orb.
     0 | D:1      | Reached XP level 1. HP: 10/10 MP: 6/6
   373 | D:1      | Reached XP level 2. HP: 12/15 MP: 5/8
   945 | D:2      | Reached XP level 3. HP: 19/19 MP: 7/10
  1277 | D:2      | Learned a level 2 spell: Scorch
  1726 | D:3      | Noticed Jessica
  1731 | D:3      | Killed Jessica
  1732 | D:3      | Reached XP level 4. HP: 24/24 MP: 4/12
  1799 | D:3      | Found Zaolal's Antique Weapon Emporium.
  1847 | D:3      | Found a faded altar of an unknown god.
  2147 | D:5      | Entered Level 5 of the Dungeon
  2224 | D:4      | Reached XP level 5. HP: 28/28 MP: 6/13
  2284 | D:4      | Slain by a gnoll bouda

Illustrated notes

Levels and vault maps discovered:
D:1:      mushboom_english_gardens, layout_loops_ring
D:2:      layout_loops_ring, amcnicky_mini_rare_corridor_liquid
D:3:      layout_basic, serial_shops, shop_fountains,
          hellmonk_ecumenical_altar_blasted, nicolae_underground_beach,
          uniq_jessica
D:4:      layout_cave_pools, serial_shops, nicolae_shop_window_shopping
D:5:      layout_loops_ring, lemuel_round_altar, minitemple, serial_shops,
          nicolae_shop_behind_doors, minivault_1

Skill      XL: |  1  2  3  4 |
---------------+-------------+-----
Fire Magic     | 4 |  4.7
Conjurations   | 2 3 |  3.4
Spellcasting   | 4 |  4.7
Dodging        | |  2.6
Stealth        | |  2.4

Action                     |  1- 3 |  4- 6 || total
---------------------------+-------+-------++-------
  Melee: Dagger            |    14 |       ||    14
   Cast: Foxfire           |    43 |    28 ||    71
         Scorch            |     6 |       ||     6
    Use: Scroll            |     1 |     4 ||     5
 Armour: Robe              |     5 |     2 ||     7
  Dodge: Dodged            |     7 |     8 ||    15

Table legend: (Time is in decaauts)
 A = Elapsed time spent in this place.
 B = Non-inter-level travel time spent in this place.
 C = Inter-level travel time spent in this place.
 D = Time resting spent in this place.
 E = Time spent auto-exploring this place.
 F = Levels seen in this place.
 G = Mean time per level.
                   A        B        C        D        E       F      G
               +--------+--------+--------+--------+--------+-----+--------+
         Total |   2283 |   2283 |      0 |    323 |   1243 |   5 |  456.6 |
       Dungeon |   2283 |   2283 |      0 |    323 |   1243 |   5 |  456.6 |
               +--------+--------+--------+--------+--------+-----+--------+

Top non-repeatable levels by time:
     D:1: 918 daAuts
     D:2: 669 daAuts
     D:3: 520 daAuts
     D:4: 107 daAuts
     D:5: 67 daAuts
